 Dungeon Crawl Stone Soup version 0.25-a0-591-g2ad0d861f1 (webtiles) character file.

Game seed: 9172037477107528599, levelgen mode: deterministic

2594 polrat the Spear-Bearer (level 9, 0/72 HPs)
             Began as a Merfolk Gladiator on Mar 14, 2020.
             Was a Follower of Okawaru.
             Slain by a hornet (2 damage)
             ... on level 7 of the Dungeon.
             The game lasted 00:11:17 (8268 turns).

polrat the Spear-Bearer (Merfolk Gladiator)         Turns: 8268, Time: 00:11:17

Health: 0/72       AC: 12    Str: 17    XL:     9   Next: 58%
Magic:  9/9        EV: 11    Int:  8    God:    Okawaru [*.....]
Gold:   722        SH:  0    Dex: 15    Spells: 8/8 levels left

rFire    x . .     SeeInvis .   a - +0 trident
rCold    + . .     Gourm    .   (no shield)
rNeg     . . .     Faith    .   J - +0 chain mail
rPois    .         Spirit   .   c - +0 helmet
rElec    .         Reflect  .   (no cloak)
rCorr    .         Harm     .   r - +1 pair of gloves
MR       .....     Rnd*Tele +   z - +0 pair of boots
Stlth    ..........             (no amulet)
HPRegen  0.22/turn              K - ring of teleportation (curse)
MPRegen  0.11/turn              F - ring of ice

@: lethally poisoned (0 -> -8), slowed, very slow
A: change form in water, swift swim, stealthy swim
a: Heroism, Renounce Religion


You were on level 7 of the Dungeon.
You worshipped Okawaru.
Okawaru was aware of your devotion.
You were not hungry.

You visited 2 branches of the dungeon, and saw 9 of its levels.
You also visited: Sewer and Ossuary.

You collected 722 gold pieces.

Inventory:

Hand Weapons
 a - a +0 trident (weapon)
Missiles
 d - 4 throwing nets (quivered)
Armour
 b - a +0 leather armour
 c - a +0 helmet (worn)
 r - a +1 pair of gloves (worn)
 y - a +0 plate armour
 z - a +0 pair of boots (worn)
 J - a +0 chain mail (worn)
Jewellery
 F - a ring of ice (right hand)
 K - a cursed ring of teleportation (left hand)
Wands
 C - a wand of flame (20)
 E - a wand of acid (5)
 H - a wand of iceblast (5)
Scrolls
 j - a scroll of teleportation
 l - 2 scrolls of magic mapping
 o - 3 scrolls of blinking
 p - a scroll of immolation {unknown}
 q - 2 scrolls of fear
 s - a scroll of fog {unknown}
 D - 2 scrolls of amnesia
 I - a scroll of remove curse {unknown}
Potions
 e - 3 potions of haste
 g - 4 potions of resistance
 h - 3 potions of flight {unknown}
 i - 2 potions of might
 k - a potion of ambrosia {unknown}
 m - 2 potions of brilliance {unknown}
 n - 3 potions of stabbing {unknown}
 t - 5 potions of lignification {unknown}
 u - 3 potions of curing
 v - 3 potions of magic
 w - 3 potions of cancellation {unknown}
 x - 4 potions of heal wounds {unknown}
 A - 2 potions of mutation {unknown}
 B - a potion of berserk rage {unknown}
Comestibles
 f - 14 rations


   Skills:
 + Level 7.3 Fighting
 * Level 13.1 Polearms
 - Level 2.0 Throwing
 + Level 9.2 Dodging


You had 8 spell levels left.
You didn't know any spells.
Your spell library contained the following spells:

 Spells                   Type           Power        Failure   Level  Hunger
 Confusing Touch          Hex            #.......     100%        3    ####...
 Gell's Gravitas          Tloc           #.........   100%        3    ####...
 Petrify                  Tmut/Erth      #.......     100%        4    #####..
 Metabolic Englaciation   Hex/Ice        #.........   100%        5    ######.
 Yara's Violent Unravell  Hex/Tmut       #.........   100%        5    ######.


Dungeon Overview and Level Annotations

Branches:
Dungeon (8/15)             Temple (1/1) D:7           Sewer (visited)
Ossuary (visited)
   Lair: D:8-11

Altars:
Ashenzari
Cheibriados
Dithmenos
Elyvilon
Fedhas
Gozag
Hepliaklqana
Kikubaaqudgha
Makhleb
Nemelex Xobeh
Okawaru
Qazlal
Ru
Sif Muna
Trog
Uskayaw
Vehumet
Wu Jian
Xom
Yredelemnul
Zin
The Shining One


Message History

You hit the hornet.
The hornet is severely wounded.
The giant cockroach bites you but does no damage.
The hornet stings you!
* * * LOW HITPOINT WARNING * * *
You are lethally poisoned!
You feel as though you will be slow longer.
You feel better.
The hornet stings you but does no damage.
The giant cockroach barely misses you. The hornet barely misses you.
The giant cockroach barely misses you.
Your chain mail prevents you from hitting the hornet.
The hornet is severely wounded.
The hornet stings you!
* * * LOW HITPOINT WARNING * * *
You are lethally poisoned!
You feel as though you will be slow longer.
The giant cockroach bites you but does no damage.
The hornet stings you.
You die...

'...........(# #...#.......
#............# #####..#.......
#####'#####..# ##..#####.......
.............# #.......#.......
.............# #.......#.......
.............# #.......'.......
.............######..##..#.......
###'##......##..##########......#
.....#......#..)@# #......#
.....#......'..ys# #......#
..).<#......#....# #......#
######......###### #......#
######## ########


You could see a hornet and a giant cockroach.

Vanquished Creatures
  Harold (D:8)
  A water moccasin (D:5)
  An ice beast (D:6)
  A sky beast (D:6)
  A necrophage (D:5)
  3 centaurs
  2 ogres
  A bullfrog (D:7)
  4 killer bees
  2 crimson imps (D:7)
  2 centaur zombies
  A jelly (D:5)
  2 bullfrog skeletons
  A centaur skeleton (D:4)
  2 orc wizards
  3 hounds
  An iguana (D:6)
  2 worker ants
  A hound zombie (D:8)
  8 mummies (Ossuary)
  A worker ant zombie (D:5)
  6 adders
  3 gnolls (D:6)
  A howler monkey skeleton (D:5)
  2 river rats (Sewer)
  A shadow imp (D:6)
  An ooze (D:4)
  An adder zombie (D:6)
  3 worms (D:4)
  A dart slug (D:2)
  4 leopard geckos
  19 orcs
  10 bats
  6 giant cockroaches
  A gnoll zombie (Ossuary)
  5 hobgoblins
  12 jackals
  8 kobolds
  5 quokkas
  6 ball pythons
  12 frilled lizards
  7 goblins
  A hobgoblin zombie (Ossuary)
  3 kobold zombies (Ossuary)
  3 orc zombies (Ossuary)
  2 quokka skeletons (D:6)
  20 rats
184 creatures vanquished.

Notes
Turn   | Place    | Note
-------+----------+-------------------------------------------
     0 | D:1      | polrat the Merfolk Gladiator began the quest for the Orb.
     0 | D:1      | Reached XP level 1. HP: 16/16 MP: 1/1
   141 | D:1      | Reached XP level 2. HP: 23/23 MP: 2/2
   265 | D:1      | Reached skill level 5 in Polearms
   461 | D:1      | Reached XP level 3. HP: 28/28 MP: 3/3
  1470 | D:2      | Reached XP level 4. HP: 30/34 MP: 4/4
  1804 | D:3      | Reached skill level 6 in Polearms
  2766 | D:4      | Found a glowing drain.
  2775 | Sewer    | Entered a sewer
  2878 | Sewer    | Reached XP level 5. HP: 30/41 MP: 5/5
  3067 | Sewer    | Reached skill level 5 in Dodging
  3388 | D:4      | Reached skill level 7 in Polearms
  3419 | D:4      | Found a sand-covered staircase.
  3422 | Ossuary  | Entered an ossuary
  3452 | Ossuary  | HP: 2/42 [kobold zombie (2)]
  3455 | Ossuary  | Reached XP level 6. HP: 15/48 MP: 6/6
  4048 | D:4      | Reached skill level 8 in Polearms
  4587 | D:4      | Reached XP level 7. HP: 53/55 MP: 7/7
  4762 | D:5      | Entered Level 5 of the Dungeon
  5060 | D:5      | Found a sparkling altar of Nemelex Xobeh.
  5106 | D:5      | Reached skill level 9 in Polearms
  5649 | D:5      | Reached skill level 5 in Fighting
  5737 | D:6      | Reached XP level 8. HP: 55/61 MP: 8/8
  5740 | D:6      | Reached skill level 10 in Polearms
  6067 | D:6      | Found a white marble altar of Elyvilon.
  6435 | D:7      | Found a staircase to the Ecumenical Temple.
  6506 | Temple   | Entered the Ecumenical Temple
  6601 | Temple   | Became a worshipper of Warmaster Okawaru
  6886 | D:7      | Reached skill level 11 in Polearms
  7973 | D:7      | Reached XP level 9. HP: 57/70 MP: 9/9
  8089 | D:8      | Reached skill level 12 in Polearms
  8184 | D:8      | Noticed a queen bee
  8187 | D:8      | Noticed Harold
  8192 | D:8      | Killed Harold
  8192 | D:8      | Reached * piety under Okawaru
  8192 | D:8      | Reached skill level 13 in Polearms
  8203 | D:8      | Noticed a hornet
  8268 | D:7      | HP: 2/72 [hornet (8)]
  8268 | D:7      | Slain by a hornet

Levels and vault maps discovered:
D:1:      shiori_arrival_elements, layout_loops_ring, serial_bayou_lagoon_a
D:2:      layout_loops_corners, first_ration
D:3:      layout_basic, minmay_misc_feat_four_crosses
D:4:      layout_basic, cheibrodos_sewer_entry_bend,
          nicolae_ossuary_entry_monument, grunt_ministairs_7
D:5:      layout_basic, nicolae_overflow_hidden_temple
D:6:      cheibrodos_quashed, layout_cave_pools, elyvilon_altar_5
D:7:      layout_gridville, minmay_temple_entry_gardened_gates
D:8:      layout_rooms, david_nohive_1, uniq_harold
Temple:   nicolae_temple_the_god_donut

Skill      XL: |  1  2  3  4  5  6  7  8  9 |
---------------+----------------------------+-----
Polearms       | 5 6 7 8 9 11 13 | 13.1
Fighting       | 3 4 5 6 7 |  7.3
Dodging        | 5 6 8 9 |  9.2
Throwing       | |  2.0

Action                   |  1- 3 |  4- 6 |  7- 9 || total
-------------------------+-------+-------+-------++-------
Melee: Trident           |   127 |   332 |   350 ||   809
Evoke: Wand              |       |       |     5 ||     5
  Use: Scroll            |       |     8 |     7 ||    15
       Potion            |       |     2 |     2 ||     4
 Stab: Sleeping          |     1 |     4 |       ||     5
  Eat: Chunk             |     1 |     8 |     2 ||    11
       Ration            |       |     1 |     3 ||     4
Armor: Leather armour    |    26 |    69 |    24 ||   119
       Chain mail        |       |       |   122 ||   122
Dodge: Dodged            |    82 |   186 |   254 ||   522

Table legend:
 A = Non-vault XP
 B = Vault XP
 C = Vault XP percentage of total XP
 D = Non-vault monster count
 E = Vault monster count
 F = Vault count percentage of total count
                 A         B        C        D         E       F
            +---------+---------+-------+---------+---------+-------
      Total |    2410 |    1297 |  35.0 |     137 |      47 |  25.5
            +---------+---------+-------+---------+---------+-------
        D:1 |      48 |       0 |   0.0 |      30 |       0 |   0.0
        D:2 |      39 |       0 |   0.0 |      15 |       0 |   0.0
        D:3 |      57 |       0 |   0.0 |      21 |       0 |   0.0
        D:4 |     260 |      30 |  10.3 |      26 |       4 |  13.3
        D:5 |     340 |       0 |   0.0 |       6 |       0 |   0.0
        D:6 |     633 |       0 |   0.0 |      21 |       0 |   0.0
        D:7 |     764 |       0 |   0.0 |      11 |       0 |   0.0
        D:8 |     269 |    1063 |  79.8 |       7 |       2 |  22.2
      Sewer |       0 |      51 | 100.0 |       0 |      25 | 100.0
    Ossuary |       0 |     153 | 100.0 |       0 |      16 | 100.0
            +---------+---------+-------+---------+---------+-------
